 Dungeon Crawl Stone Soup version 0.26.1-11-gd32895ea62 (webtiles) character file.

Game seed: 12628276992533566621

1672 Revguard the Chopper (level 8, -3/62 HPs)
             Began as a Demonspawn Berserker on Apr 17, 2021.
             Was a Priest of Trog.
             Slain by a manticore (14 damage)
             ... on level 7 of the Dungeon.
             The game lasted 00:14:08 (7475 turns).

Revguard the Chopper (Demonspawn Berserker)         Turns: 7475, Time: 00:14:09

Health: -3/62      AC: 17    Str: 18 (21) XL:     8   Next: 70%
Magic:  0/8        EV:  8    Int:  7 (8)  God:    Trog [***...]
Gold:   280        SH:  0    Dex: 11 (14) Spells: 7/7 levels left

rFire    + . .     SeeInvis .   a - +1 hand axe
rCold    . . .     Faith    .   (no shield)
rNeg     . . .     Spirit   +   t - +1 chain mail {Will+}
rPois    .         Reflect  .   p - +0 helmet
rElec    .         Harm     .   q - +0 cloak
rCorr    .         Rampage  .   (no gloves)
Will     +++..                  c - +0 pair of boots
Stlth    ..........             (no amulet)
HPRegen  1.20/turn              (no ring)
MPRegen  0.22/turn              (no ring)

@: berserk cooldown, very slightly contaminated, regenerating, studying Short
Blades, invisible
A: hooves 1, molten scales 1, fire resistance 1, mutation resistance 1, strong
1, magic shield, magic regeneration
a: Renounce Religion, Berserk, Trog's Hand


You were on level 7 of the Dungeon.
You worshipped Trog.
Trog was most pleased with you.
You visited 2 branches of the dungeon, and saw 8 of its levels.

You collected 280 gold pieces.

Inventory:

Hand Weapons
 a - a +1 hand axe (weapon)
Armour
 c - a +0 pair of boots (worn)
 p - a +0 helmet (worn)
 q - a +0 cloak (worn)
 t - a +1 chain mail of willpower (worn)
Scrolls
 e - 4 scrolls of remove curse
 f - 3 scrolls of teleportation
 k - a scroll of fear
Potions
 i - a potion of haste
 j - a potion of lignification
 n - 3 potions of curing
 o - a potion of flight
Books
 b - a manual of Short Blades


   Skills:
 + Level 5.3 Fighting
 + Level 6.7 Axes
 * Level 6.6 Armour
 + Level 3.2 Dodging


You had 7 spell levels left.
You didn't know any spells.
Your spell library was empty.

Dungeon Overview and Level Annotations

Branches:
Dungeon (7/15)             Temple (1/1) D:5

Altars:
Ashenzari
Cheibriados
Dithmenos
Elyvilon
Fedhas
Gozag
Hepliaklqana
Kikubaaqudgha
Makhleb
Nemelex Xobeh
Okawaru
Qazlal
Ru
Sif Muna
Trog
Uskayaw
Vehumet
Wu Jian
Xom
Yredelemnul
Zin
The Shining One

Shops:
D:7 (


Innate Abilities, Weirdness & Mutations

You have large cloven feet.
You are partially covered in molten scales. (AC +2)
When hurt, damage is shared between your health and your magic reserves.
You regenerate magic rapidly.
Your flesh is heat resistant. (rF+)
You are somewhat resistant to further mutation.
Your muscles are strong. (Str +2)


Message History

You hit the manticore but do no damage. The manticore bites you!
The manticore claws you but does no damage.
The manticore closely misses you.
Your chain mail prevents you from hitting the manticore.
You completely miss the manticore.
The manticore bites you but does no damage.
The manticore closely misses you. The manticore barely misses you.
You fade into invisibility!
The manticore bites you.
* * * LOW HITPOINT WARNING * * *
The manticore barely misses you. The manticore claws you.
* * * LOW HITPOINT WARNING * * *
You are very lightly contaminated with residual magic.
You closely miss the manticore. The manticore bites you!
* * * LOW HITPOINT WARNING * * *
The manticore claws you but does no damage.
The manticore claws you.
* * * LOW HITPOINT WARNING * * *
You feel better. The manticore bites you!
You die...

.# ##.# #####...#
#.....###.#
#.###.........#
#..H@......#### #
#####....#.#
#.##.#<......# #####
#[...#...#####
#.##...#######)#.#......
.........†.†((.†∩.......
.##..#.#######)#########
#. #....# #......... #
####.# ##########


You could see a manticore.

Vanquished Creatures
  Sigmund (D:5)
  An orc warrior (D:6)
  An ice beast (D:6)
  A sky beast (D:6)
  2 ogres
  3 centaurs
  A bullfrog (D:6)
  A scorpion (D:4)
  A howler monkey (D:4)
  A centaur zombie (D:6)
  3 hounds (D:4)
  An orc wizard (D:5)
  An iguana (D:5)
  A bullfrog skeleton (D:7)
  6 worker ants
  A hound zombie (D:6)
  5 gnolls
  13 adders
  A shadow imp (D:6)
  2 ufetubi (D:5)
  3 worms
  A dart slug (D:1)
  6 leopard geckos
  11 orcs
  A ball python (D:4)
  7 giant cockroaches
  15 goblins
  12 hobgoblins
  9 jackals
  6 kobolds
  6 quokkas
  5 bats
  5 frilled lizards
  A jackal skeleton (D:4)
  5 rats
140 creatures vanquished.

Notes
Turn   | Place    | Note
-------+----------+-------------------------------------------
     0 | D:1      | Revguard the Demonspawn Berserker began the quest for the
                  | Orb.
     0 | D:1      | Reached XP level 1. HP: 18/18 MP: 1/1
   189 | D:1      | Gained mutation: When hurt, damage is shared between your
                  | health and your magic reserves. [demonic ancestry]
   189 | D:1      | Reached XP level 2. HP: 24/24 MP: 2/2
   901 | D:1      | Gained mutation: You regenerate magic rapidly. [demonic
                  | ancestry]
   901 | D:1      | Reached XP level 3. HP: 29/29 MP: 3/3
   966 | D:1      | Gained mutation: Armour fits poorly on your strangely
                  | shaped body. [potion of mutation]
   966 | D:1      | Gained mutation: You have sharp fingernails. [potion of
                  | mutation]
   967 | D:1      | Lost mutation: Armour fits poorly on your strangely shaped
                  | body. [potion of mutation]
   967 | D:1      | Lost mutation: You have sharp fingernails. [potion of
                  | mutation]
   967 | D:1      | Gained mutation: Your muscles are strong. (Str +2) [potion
                  | of mutation]
   967 | D:1      | Gained mutation: Your flesh is heat resistant. (rF+)
                  | [potion of mutation]
   967 | D:1      | Gained mutation: You are somewhat resistant to further
                  | mutation. [potion of mutation]
  1500 | D:2      | You fall into a shaft and drop 2 floors!
  1580 | D:4      | Reached XP level 4. HP: 21/37 MP: 2/4
  1624 | D:4      | Reached ** piety under Trog
  1625 | D:4      | Reached XP level 5. HP: 5/42 MP: 2/5
  2606 | D:4      | Reached XP level 6. HP: 23/48 MP: 2/6
  3239 | D:4      | Found an iron altar of Okawaru.
  3273 | D:5      | Entered Level 5 of the Dungeon
  3567 | D:5      | Noticed Sigmund
  3578 | D:5      | Killed Sigmund
  3622 | D:5      | Gained mutation: You are partially covered in molten
                  | scales. (AC +2) [demonic ancestry]
  3622 | D:5      | Reached XP level 7. HP: 24/54 MP: 7/7
  3704 | D:5      | Reached skill level 5 in Axes
  3704 | D:5      | Reached skill level 5 in Armour
  4366 | D:5      | Found a staircase to the Ecumenical Temple.
  4383 | Temple   | Entered the Ecumenical Temple
  5795 | D:2      | Reached *** piety under Trog
  6534 | D:6      | Gained mutation: You have large cloven feet. [demonic
                  | ancestry]
  6534 | D:6      | Reached XP level 8. HP: 61/61 MP: 4/8
  7072 | D:6      | Reached skill level 5 in Fighting
  7419 | D:7      | Found Upuk's Antique Weapon Shoppe.
  7459 | D:7      | Noticed a manticore
  7474 | D:7      | HP: 3/62 [manticore (13)]
  7474 | D:7      | HP: 1/62 [manticore (2)]
  7475 | D:7      | Slain by a manticore

Illustrated notes

Levels and vault maps discovered:
D:1:      tarquinn_simple_flora_water_f, layout_basic, hangedman_decor_points,
          st_stairs_7
D:2:      layout_loops_ring, corexii_hall_statues_x
D:3:      layout_loops_ring, chequers_serial_rivers_micro_d
D:4:      layout_loops_corners, okawaru_altar_gauntlet_db
D:5:      layout_loops_ring, minmay_temple_entry_offerings, uniq_sigmund
D:6:      layout_basic, chequers_decorated_corner, minmay_manual_mandibuliform
D:7:      layout_basic, gammafunk_ghost_wrathful_warriors, serial_shops, shop
Temple:   minmay_crystal_snake_temple

Skill      XL: |  1  2  3  4  5  6  7  8 |
---------------+-------------------------+-----
Axes           | 3 4 5 6 |  6.7
Armour         | 2 3 4 5 6 |  6.6
Dodging        | 2 3 |  3.2
Fighting       | 4 5 |  5.3

Action                   |  1- 3 |  4- 6 |  7- 9 || total
-------------------------+-------+-------+-------++-------
Melee: Hand axe          |    84 |   119 |   354 ||   557
Invok: Berserk           |       |     8 |     6 ||    14
       Trog's Hand       |       |     2 |     3 ||     5
  Use: Scroll            |     2 |     4 |     6 ||    12
       Potion            |     2 |     1 |     7 ||    10
Armor: Ring mail         |    31 |    47 |       ||    78
       Animal skin       |     2 |       |       ||     2
       Scale mail        |       |     2 |   121 ||   123
       Chain mail        |       |       |    98 ||    98
Dodge: Dodged            |    50 |    87 |   213 ||   350
